 Dungeon Crawl Stone Soup version 0.32-a0-576-g706899e69d (webtiles) character file.

Game seed: 2886519599267333411

27904 Dittersdorf the Warrior (level 13, -1/92 HPs)
             Began as a Gargoyle Fighter on Mar 1, 2024.
             Was an Initiate of Gozag.
             Slain by a death yak (11 damage)
             ... on level 2 of the Lair of Beasts.
             The game lasted 00:13:47 (12687 turns).

Dittersdorf the Warrior (Gargoyle Fighter)         Turns: 12687, Time: 00:13:48

Health: -1/92      AC: 29    Str: 26    XL:     13   Next: 35%
Magic:  13/13      EV: 15    Int:  8    God:    Gozag
Gold:   2508       SH: 11    Dex:  9    Spells: 12/12 levels left

rFire   . . .        t - +2 whip (flame)
rCold   + . .        c - +0 buckler
rNeg    + . .        n - +7 Kryia's mail coat {PotionHeal*2 rC+}
rPois   ∞            (no helmet)
rElec   +            H - +0 cloak
rCorr   .            y - +1 pair of gloves
SInv    .            (no boots)
Will    .....        C - amulet of reflection Stlth
                     k - +4 ring of slaying
HPRegen 0.35/turn    z - +5 ring of evasion
MPRegen 0.13/turn

%: reflection
@: no status effects
A: sickness immunity, AC +9, negative energy resistance 1, electricity
resistance, torment resistance 1, petrification resistance
a: Renounce Religion, Potion Petition, Call Merchant, Bribe Branch


You were on level 2 of the Lair of Beasts.
You worshipped Gozag.
Gozag was most pleased with you.
You visited 3 branches of the dungeon, and saw 13 of its levels.
You also visited: Bailey.

You collected 2578 gold pieces.
You paid 70 gold pieces to Gozag.

Inventory:

Hand Weapons
 a - a +1 flail
 t - a +2 whip of flaming (weapon)
Armour
 c - a +0 buckler (worn)
 n - the +7 Kryia's mail coat (worn) {PotionHeal*2 rC+}
   (You found it on level 2 of the Dungeon)

   PotionHeal*2: Potions heal its wearer twice as much.
   rC+:       It protects you from cold.
 p - +0 pearl dragon scales
 y - a +1 pair of gloves (worn)
 H - a +0 cloak (worn)
Jewellery
 k - a +4 ring of slaying (left hand)
 q - a ring of willpower
 z - a +5 ring of evasion (right hand)
 C - an amulet of reflection (around neck)
 F - a ring of protection from fire
Wands
 l - a wand of quicksilver (5)
 s - a wand of roots (20) (quivered)
 A - a wand of flame (12)
Scrolls
 b - 2 scrolls of fog
 e - a scroll of silence
 g - a scroll of teleportation
 w - 4 scrolls of blinking
 G - a scroll of revelation
 I - a scroll of fear
Potions
 d - 4 potions of might
 f - a potion of ambrosia
 h - a potion of haste {unknown}
 i - a potion of cancellation {unknown}
 j - 3 potions of curing {unknown}
 m - 3 potions of degeneration {unknown}
 o - 2 potions of resistance {unknown}
 r - 2 potions of mutation {unknown}
 u - 2 potions of brilliance
 v - 3 potions of heal wounds
 x - a potion of enlightenment
 B - a potion of invisibility {unknown}
 D - a potion of berserk rage {unknown}
 E - 2 potions of lignification {unknown}


   Skills:
 + Level 15.5 Fighting
 + Level 10.5 Maces & Flails
 + Level 11.6 Armour
 + Level 11.7 Shields


You had 12 spell levels left.
You didn't know any spells.
Your spell library contained the following spells:

 Spells                   Type           Power      Damage    Failure   Level
 Apportation              Tloc           0%         N/A       67%         1
 Magic Dart               Conj           0%         1d3       67%         1
 Slow                     Hex            0%         N/A       67%         1
 Ensorcelled Hibernation  Hex/Ice        0%         N/A       80%         2
 Jinxbite                 Hex            0%         N/A       80%         2
 Searing Ray              Conj           0%         2d4       80%         2
 Static Discharge         Conj/Air       0%         3-3/arc   80%         2
 Confusing Touch          Hex            0%         N/A       95%         3
 Fugue of the Fallen      Necr           0%         N/A       95%         3
 Ozocubu's Armour         Ice            0%         N/A       95%         3
 Sigil of Binding         Hex            0%         N/A       95%         3
 Stone Arrow              Conj/Erth      0%         3d7       95%         3
 Tukima's Dance           Hex            0%         N/A       95%         3
 Vampiric Draining        Necr           0%         2d6       95%         3
 Airstrike                Air            0%         2d(0-16)  100%        4
 Anguish                  Hex/Necr       0%         N/A       100%        4
 Animate Armour           Summ/Erth      0%         N/A       100%        4
 Dimensional Bullseye     Hex/Tloc       0%         N/A       100%        4
 Fulminant Prism          Conj/Alch      0%         3d5       100%        4
 Iskenderun's Mystic Bla  Conj/Tloc      0%         2d3       100%        4
 Passage of Golubria      Tloc           0%         N/A       100%        4
 Summon Lightning Spire   Summ/Air       0%         N/A       100%        4
 Alistair's Intoxication  Alch           0%         N/A       100%        5
 Metabolic Englaciation   Hex/Ice        0%         N/A       100%        5
 Yara's Violent Unravell  Hex/Alch       0%         3d3       100%        5
 Sculpt Simulacrum        Ice/Alch       0%         N/A       100%        6
 Lehudib's Crystal Spear  Conj/Erth      0%         10d2      100%        8


Dungeon Overview and Level Annotations

Branches:
Dungeon (10/15)            Temple (1/1) D:5            Lair (2/5) D:9
 Shoals (0/4) Lair:2        Snake (0/4) Lair:2       Bailey (visited)
    Orc: D:9-12

Altars:
Ashenzari
Cheibriados
Dithmenos
Elyvilon
Fedhas
Gozag
Hepliaklqana
Kikubaaqudgha
Makhleb
Nemelex Xobeh
Okawaru
Qazlal
Ru
Sif Muna
Trog
Uskayaw
Vehumet
Wu Jian
Xom
Yredelemnul
Zin
The Shining One

Portals:
Abyss: D:10

Annotations:
D:7 2 transporters
D:10 2 transporters, grandjackal's ghost, novice DsGl


Innate Abilities, Weirdness & Mutations

You are immune to sickness and miasma.
Your stone body is resilient. (AC +9)
You are immune to poison.
You resist negative energy. (rN+)
You are resistant to electric shocks. (rElec)
You are resistant to unholy torment.
You are immune to petrification.


Message History

You kill the death yak!
The death yak gores you but does no damage.
You see here 36 gold pieces.
The death yak gores you. You block the death yak's attack.
You hit the death yak but do no damage. You whack the death yak!
You burn the death yak.
The death yak is lightly wounded.
The death yak closely misses you.
You hit the death yak but do no damage.
The death yak is lightly wounded.
You hit the death yak. You burn the death yak.
The death yak is moderately wounded.
The death yak gores you!
* * * LOW HITPOINT WARNING * * *
You hit the death yak. You burn the death yak.
The death yak is moderately wounded.
You whack the death yak! You burn the death yak.
The death yak is heavily wounded.
The death yak gores you but does no damage.
You hit the death yak but do no damage.
The death yak is heavily wounded.
The death yak gores you!
* * * LOW HITPOINT WARNING * * *
You hit the death yak. You burn the death yak.
The death yak is heavily wounded.
You hit the death yak. You burn the death yak.
The death yak is heavily wounded.
The death yak misses you.
You hit the death yak. You burn the death yak.
The death yak is severely wounded.
The death yak gores you.
* * * LOW HITPOINT WARNING * * *
You hit the death yak. You burn the death yak.
The death yak is severely wounded.
You hit the death yak. You burn the death yak.
The death yak is severely wounded.
The death yak gores you!
You die...
Your body crumbles into a pile of gold.

### ## #################.#
###.
#....##.PP.P##.P.#####...
#....[..........P........
##..P.#...#...............
#....####.####....#..###P.
##...####### #....#P.####.
##..###....###.........##.
#...##...@..#P....#....##.
##..###..Y.P##....#..>....
#..###$...P##....#.......
##..##.#.#..##....##).....
#...###..P.###....##...#..
##...#.....##.....#.##..#.
#...................##.#..
##........................
#........................


You could see a death yak.

Vanquished Creatures
  An orc warlord (Bailey)
  Fannar (Lair:2)
  A hydra (Lair:2)
  2 two-headed ogres
  4 death yaks
  Pikel (D:4)
  5 black mambas (Lair:2)
  A torpor snail (Lair:1)
  A rime drake (Lair:1)
  5 cane toads
  A kobold demonologist (D:10)
  3 komodo dragons
  2 trolls (D:10)
  A hornet (D:10)
  Grinder (D:5)
  4 merfolk (Lair:2)
  Prince Ribbit (D:6)
  6 blink frogs (Lair:2)
  Sigmund (D:4)
  17 yaks
  4 basilisks
  5 wyverns
  A steam dragon (Lair:1)
  Menkaure (D:6)
  12 water moccasins
  13 orc warriors
  2 black bears
  3 sky beasts
  An ice beast (D:7)
  An ogre (D:5)
  6 centaurs
  A phantom (D:6)
  3 lemures (D:4)
  6 kobold brigands
  6 bullfrogs
  A gnoll sergeant (D:10)
  4 scorpions
  8 wights
  A bombardier beetle (D:5)
  A hound (D:7)
  2 orc priests
  A gnoll bouda (D:6)
  3 jellies
  A sleepcap (D:6)
  An iguana (D:4)
  5 orc wizards
  Natasha (twice) (D:2)
  18 gnolls
  5 adders
  3 dart slugs (D:1)
  4 ribbon worms
  39 orcs
  7 bats
  7 endoplasms
  3 giant cockroaches
  18 goblins
  15 hobgoblins
  2 jackals (D:4)
  9 ball pythons
  A frilled lizard (D:2)
  30 kobolds
  3 rats (D:1)
318 creatures vanquished.

Notes
Turn   | Place    | Note
-------+----------+-------------------------------------------
     0 | D:1      | Dittersdorf the Gargoyle Fighter began the quest for the
                  | Orb.
     0 | D:1      | Reached XP level 1. HP: 14/14 MP: 1/1
   119 | D:1      | Reached XP level 2. HP: 12/19 MP: 2/2
   435 | D:1      | Reached XP level 3. HP: 23/23 MP: 3/3
   703 | D:2      | Noticed Natasha
   710 | D:2      | Killed Natasha
   806 | D:2      | Reached XP level 4. HP: 29/29 MP: 4/4
   899 | D:2      | Noticed Natasha
   905 | D:2      | Killed Natasha
   933 | D:2      | Found the +7 Kryia's mail coat {PotionHeal*2 rC+}
   940 | D:2      | Reached skill level 4 in Fighting
  1231 | D:2      | Found a faded altar of an unknown god.
  1410 | D:3      | Identified the +6 dagger of the Rat {drain, rElec rN+
                  | Str-2}
  1441 | D:3      | Reached XP level 5. HP: 33/33 MP: 5/5
  1794 | D:3      | Noticed a water moccasin
  1803 | D:3      | Killed a water moccasin
  1804 | D:3      | Reached XP level 6. HP: 27/39 MP: 6/6
  2377 | D:4      | Noticed a sky beast
  2390 | D:4      | Killed a sky beast
  2504 | D:4      | Noticed Sigmund
  2509 | D:4      | Killed Sigmund
  2510 | D:4      | Reached skill level 5 in Fighting
  2510 | D:4      | Reached skill level 5 in Armour
  2510 | D:4      | Reached skill level 5 in Shields
  2510 | D:4      | Reached XP level 7. HP: 39/44 MP: 7/7
  2745 | D:5      | Entered Level 5 of the Dungeon
  2767 | D:5      | Noticed Pikel
  2886 | D:4      | Killed Pikel
  2887 | D:4      | Reached skill level 6 in Fighting
  2887 | D:4      | Reached skill level 5 in Maces & Flails
  2887 | D:4      | Reached XP level 8. HP: 21/51 MP: 8/8
  3052 | D:5      | Noticed Grinder
  3066 | D:5      | Killed Grinder
  3130 | D:5      | Reached XP level 9. HP: 56/56 MP: 9/9
  3205 | D:5      | Reached skill level 7 in Fighting
  3280 | D:5      | Identified the +3 dagger "Boblughi" {flame, rPois}
  3503 | D:5      | Found a staircase to the Ecumenical Temple.
  3635 | Temple   | Entered the Ecumenical Temple
  3646 | Temple   | Became a worshipper of Gozag Ym Sagoz the Greedy
  3879 | D:6      | Noticed Menkaure
  3888 | D:6      | Killed Menkaure
  3890 | D:6      | Noticed Prince Ribbit
  4034 | D:6      | Killed Prince Ribbit
  5004 | D:7      | Found a flagged portal.
  5032 | Bailey   | Entered a bailey
  5772 | Bailey   | Reached skill level 8 in Fighting
  5870 | Bailey   | Reached XP level 10. HP: 51/64 MP: 10/10
  6189 | Bailey   | Noticed an orc warlord
  6220 | Bailey   | Killed an orc warlord
  6399 | Bailey   | Reached skill level 13 in Fighting
  6399 | Bailey   | Reached XP level 11. HP: 79/79 MP: 11/11
  6623 | D:7      | Found a transporter.
  6628 | D:7      | Found a transporter.
  6739 | D:7      | Found a snail-covered altar of Cheibriados.
  6739 | D:7      | Found a hide-covered altar of Uskayaw.
  6739 | D:7      | Found a broken altar of Ashenzari.
  7173 | D:8      | Noticed a two-headed ogre
  7182 | D:8      | Killed a two-headed ogre
  7901 | D:9      | Reached skill level 14 in Fighting
  7930 | D:9      | Found a staircase to the Lair.
  8480 | D:10     | Entered Level 10 of the Dungeon
  8524 | D:10     | Identified the +1 ring mail "Tiut" {+Blink Str-4 Dex+3}
  8544 | D:10     | Found a transporter.
  8546 | D:10     | Noticed a skeletal warrior
  8596 | D:10     | Found a one-way gate to the infinite horrors of the Abyss.
  8596 | D:10     | Noticed grandjackal's ghost (novice DsGl)
  8604 | D:10     | Found a transporter.
  8606 | D:10     | Noticed a large abomination
  8620 | D:10     | Noticed a fire crab
  8731 | D:10     | Noticed a two-headed ogre
  8740 | D:10     | Killed a two-headed ogre
  8764 | D:10     | Reached XP level 12. HP: 85/85 MP: 12/12
  9365 | Lair:1   | Entered Level 1 of the Lair of Beasts
  9402 | Lair:1   | Reached skill level 10 in Shields
  9409 | Lair:1   | Reached skill level 10 in Armour
  9700 | Lair:1   | Found a broken altar of Ashenzari.
  9864 | Lair:1   | Noticed a death yak
  9864 | Lair:1   | Noticed a death yak
  9880 | Lair:1   | Killed a death yak
  9915 | Lair:1   | Killed a death yak
 11013 | Lair:2   | Noticed Fannar
 11044 | Lair:2   | Killed Fannar
 11045 | Lair:2   | Reached skill level 15 in Fighting
 11279 | Lair:2   | Noticed a seven-headed hydra
 11298 | Lair:2   | Killed a seven-headed hydra
 11299 | Lair:2   | Reached skill level 10 in Maces & Flails
 11367 | Lair:2   | Reached XP level 13. HP: 76/92 MP: 13/13
 11463 | Lair:2   | Found a staircase to the Snake Pit.
 11686 | Lair:2   | Found a staircase to the Shoals.
 11748 | Lair:2   | HP: 3/92 [merfolk/+0 trident (6)]
 12687 | Lair:2   | Slain by a death yak

Illustrated notes

Levels and vault maps discovered:
D:1:      dpeg_arrival_stonehenge_8_columns, layout_basic
D:2:      layout_loops_ring, nicolae_ecumenical_oubliette, uniq_natasha
D:3:      layout_basic
D:4:      layout_basic, minivault_19, uniq_sigmund
D:5:      layout_cave_pools, minmay_temple_entry_fiery, uniq_pikel, uniq_grinder
D:6:      layout_cave_pods, serial_bayou_crossing, uniq_menkaure,
          uniq_prince_ribbit1
D:7:      layout_loops_cross, gammafunk_temple_overflow_claw, enter_bailey_3,
          gammafunk_ghost_hive, corexii_checkpoint
D:8:      layout_loops_ring
D:9:      layout_rooms, david_lair_generic
D:10:     layout_gridville, gammafunk_ghost_abyssal_escape
Temple:   hellmonk_temple_of_storms
Lair:1:   layout_cave_pods, basic_altar, grunt_megastairs_1
Lair:2:   layout_regular_city, elwin_shoals_entry_stream,
          minmay_snake_entry_six_corridors, grunt_megastairs_4, uniq_fannar

Skill      XL: |  1  2  3  4  5  6  7  8  9 10 11 12 |
---------------+-------------------------------------+-----
Armour         | 4 5 6 8 9 11 | 11.6
Shields        | 4 5 6 8 9 11 | 11.7
Fighting       | 4 5 6 8 13 14 15 | 15.5
Maces & Flails | 3 4 5 7 8 10 | 10.5

Action                     |  1- 3 |  4- 6 |  7- 9 | 10-12 | 13-15 || total
---------------------------+-------+-------+-------+-------+-------++-------
  Melee: Flail             |    83 |   120 |    64 |       |       ||   267
         Whip              |       |       |   269 |   656 |   241 ||  1166
  Evoke: Wand              |       |       |       |     5 |       ||     5
    Use: Scroll            |       |       |    11 |     5 |       ||    16
         Potion            |       |       |       |     3 |       ||     3
   Stab: Distracted        |       |       |       |     1 |       ||     1
 Armour: Scale mail        |    73 |    92 |   214 |   274 |   100 ||   753
  Dodge: Dodged            |    37 |    64 |   144 |   295 |    80 ||   620
  Block: Buckler           |    18 |    18 |    60 |   253 |    98 ||   447
         Reflection        |       |       |       |     7 |     4 ||    11

Table legend: (Time is in decaauts)
 A = Elapsed time spent in this place.
 B = Non-inter-level travel time spent in this place.
 C = Inter-level travel time spent in this place.
 D = Time resting spent in this place.
 E = Time spent auto-exploring this place.
 F = Levels seen in this place.
 G = Mean time per level.
                   A        B        C        D        E       F      G
               +--------+--------+--------+--------+--------+-----+--------+
         Total |  12441 |  11984 |    457 |   1983 |   7287 |  14 |  888.6 |
       Dungeon |   8006 |   7618 |    388 |    559 |   5351 |  10 |  800.6 |
        Temple |     22 |      2 |     20 |      0 |      0 |   1 |   22.0 |
          Lair |   2958 |   2909 |     49 |    401 |   1936 |   2 | 1479.0 |
        Bailey |   1453 |   1453 |      0 |   1023 |      0 |   1 | 1453.0 |
               +--------+--------+--------+--------+--------+-----+--------+

Top non-repeatable levels by time:
  Lair:1: 1562 daAuts
  Bailey: 1453 daAuts
  Lair:2: 1396 daAuts
     D:6: 1030 daAuts
     D:4: 1023 daAuts
    D:10: 822 daAuts
     D:5: 796 daAuts
     D:9: 792 daAuts
     D:7: 740 daAuts
     D:3: 728 daAuts
     D:8: 715 daAuts
     D:1: 712 daAuts
     D:2: 645 daAuts
  Temple: 22 daAuts
